Map: King's Cove LE

Players

Serral - Winner!

  • Race: Zerg Zerg
  • League: Grandmaster
  • Spawn Location: 5:00

oliM

  • Race: Protoss Protoss
  • League: Grandmaster
  • Spawn Location: 11:00

VOD

Have the link to the VOD?

Description

Time

  • Played on: July 1, 2019, 6:41 a.m.
  • Length: 17:13
Show
View Real Time Build Order
Export as new Build Order

Serral Zerg - Winner!

Build Orders: Hatch First, Muta Ling Bane 

Get SALT Encoding   

  12  0:12  Drone  
  12  0:14  Overlord  
  13  0:20  Drone  
  14  0:34  Drone x2  
  16  0:51  Hatchery  
  16  0:55  Drone  
  16  0:58  Drone  
  17  1:06  Drone  
  18  1:12  Extractor  
  18  1:17  Spawning Pool  
  16  1:21  Drone  
  17  1:28  Drone  
  19  1:40  Drone  
  19  1:55  Overlord  
  19  2:04  Queen x2  
  19  2:05  Zergling x4  
  25  2:11  Drone  
  25  2:13  Metabolic Boost  
  26  2:17  Drone  
  26  2:21  Drone  
  28  2:25  Drone  
  29  2:31  Drone  
  30  2:44  Hatchery  
  30  2:48  Overlord  
  29  2:55  Queen  
  31  2:59  Drone  
  31  3:01  Drone  
  31  3:03  Drone  
  31  3:05  Drone  
  35  3:08  Drone  
  35  3:10  Drone  
  37  3:16  Zergling x2  
  37  3:18  Drone x2  
  40  3:20  Drone  
  40  3:21  Drone  
  40  3:26  Drone x2  
  44  3:32  Overlord  
  44  3:36  Lair  
  44  3:43  Roach Warren  
  44  3:47  Drone  
  44  3:51  Drone x4  
  44  3:55  Drone x2  
  50  4:02  Drone x2, Extractor x2  
  50  4:07  Overlord  
  50  4:08  Drone x2  
  52  4:11  Drone x2  
  54  4:17  Queen  
  54  4:22  Overlord  
  54  4:23  Drone  
  57  4:26  Overlord  
  57  4:27  Overlord  
  57  4:33  Roach  
  57  4:34  Roach  
  57  4:35  Overseer  
  61  4:38  Roach  
  61  4:39  Roach  
  61  4:40  Overseer  
  65  4:46  Zergling x6  
  65  4:50  Roach x2  
  72  4:57  Queen  
  72  4:59  Roach x2  
  78  5:04  Overlord  
  78  5:05  Drone x2, Extractor  
  78  5:06  Drone  
  80  5:08  Drone x2  
  82  5:14  Overlord  
  82  5:22  Overlord  
  82  5:23  Drone x4  
  90  5:28  Roach x2  
  90  5:31  Glial Reconstitution  
  89  5:37  Overlord  
  89  5:42  Drone x3  
  88  5:43  Drone  
  88  5:48  Drone x4  
  87  5:54  Drone x2  
  86  5:58  Drone x2  
  86  6:07  Ravager  
  87  6:20  Overseer  
  83  6:26  Drone x2  
  83  6:32  Drone x8  
  93  6:38  Drone x2  
  95  6:40  Extractor  
  95  6:41  Extractor  
  93  6:49  Evolution Chamber  
  92  6:54  Overlord  
  92  6:56  Drone x3  
  92  6:59  Drone, Spire  
  95  7:02  Drone  
  95  7:08  Roach x5  
  106  7:09  Hatchery  
  106  7:11  Overseer  
  105  7:17  Zergling x12  
  105  7:20  Zerg Melee Weapons Level 1  
  111  7:23  Overlord  
  111  7:25  Zergling x2  
  112  7:31  Overlord  
  112  7:36  Overlord x2  
  109  8:10  Overlord x2  
  109  8:14  Mutalisk x3  
  109  8:15  Mutalisk x4  
  109  8:16  Mutalisk  
  109  8:18  Roach x9  
  143  8:22  Baneling Nest  
  143  8:26  Roach x6  
  153  8:33  Ravager x4  
  160  8:34  Ravager x3, Zergling x4  
  160  8:35  Zergling x8  
  160  8:39  Overlord x2  
  160  8:40  Overlord  
  166  8:44  Ravager x2  
  166  8:47  Zergling x10  
  173  8:53  Zergling x2  
  173  8:54  Zergling x4  
  176  9:00  Overseer  
  176  9:04  Zergling x16  
  183  9:12  Zergling x2  
  183  9:13  Zergling x14  
  172  9:22  Roach x5  
  172  9:23  Roach  
  157  9:30  Roach x3  
  137  9:38  Zerg Melee Weapons Level 2  
  137  9:40  Centrifical Hooks  
  137  9:42  Zergling x16  
  137  9:44  Ravager x4  
  137  9:45  Ravager  
  150  9:50  Zergling x8  
  154  9:58  Drone x5  
  159  10:01  Drone x3  
  159  10:04  Drone x3  
  159  10:06  Zergling x4  
  167  10:12  Zergling x10  
  170  10:21  Zergling x8  
  170  10:22  Zergling x4  
  176  10:31  Infestation Pit  
  176  10:33  Ravager x10  
  176  10:35  Hatchery  
  184  10:38  Queen  
  184  10:42  Baneling x6  
  186  10:43  Baneling  
  186  10:48  Zergling x18  
  193  10:52  Baneling  
  193  10:53  Baneling x5  
  193  10:55  Baneling  
  193  10:56  Baneling  
  193  10:58  Extractor  
  193  11:00  Drone x4  
  193  11:01  Drone x2  
  198  11:05  Baneling x4  
  198  11:10  Baneling x4  
  198  11:15  Baneling x3  
  198  11:18  Zergling x14  
  200  11:24  Zergling x4  
  200  11:27  Baneling x4  
  200  11:28  Baneling x6  
  200  11:29  Baneling  
  200  11:38  Hive  
  195  12:00  Zergling x26  
  167  12:03  Zergling x24  
  167  12:06  Zergling x12  
  170  12:13  Zerg Missile Weapons Level 1  
  170  12:15  Evolution Chamber  
  169  12:16  Roach, Zergling x6  
  169  12:20  Drone  
  175  12:24  Baneling x12  
  175  12:25  Baneling x4  
  175  12:26  Baneling x3, Zergling x2  
  175  12:27  Zergling x12  
  182  12:33  Baneling x14  
  182  12:34  Zergling x12  
  188  12:42  Baneling x5  
  188  12:48  Zergling x2  
  188  12:49  Zergling x22  
  182  12:56  Greater Spire  
  182  13:01  Zerg Melee Weapons Level 3  
  182  13:04  Adrenal Glands  
  182  13:07  Extractor  
  182  13:08  Spine Crawler x2  
  182  13:10  Drone x3, Spine Crawler  
  182  13:12  Extractor, Spore Crawler, Spine Crawler  
  178  13:14  Drone x3, Extractor  
  178  13:18  Drone x3  
  181  13:27  Pneumatized Carapace  
  172  14:09  Zerg Missile Weapons Level 2  
  172  14:10  Corruptor x5  
  172  14:11  Corruptor x4  
  186  14:27  Hatchery  
  186  14:30  Spine Crawler x4  
  177  14:44  Brood Lord x8  
  193  14:47  Brood Lord  
  195  15:07  Burrow  
  195  15:10  Extractor  
  195  15:14  Spore Crawler x5  
  182  15:22  Pathogen Glands  
  182  15:25  Drone x6  
  182  15:26  Drone x5  
  188  15:34  Zergling x22  
  188  16:01  Corruptor x6  
  197  16:11  Baneling x8  
  191  16:33  Brood Lord x4  
  198  16:40  Spore Crawler x2  
  198  16:45  Brood Lord  
  198  16:47  Spine Crawler  
  198  16:48  Spine Crawler x2  
  198  16:49  Spine Crawler  
Show
View Real Time Build Order
Export as new Build Order

oliM Protoss 

Build Orders: 1 Gate Expand, Zealot Archon, Dark Templar Rush 

Get SALT Encoding   

  12  0:00  Probe  
  13  0:12  Probe  
  14  0:19  Pylon  
  14  0:25  Probe  
  15  0:34  Probe  
  15  0:39  Gateway  
  16  0:42  Probe  
  16  0:49  Assimilator  
  17  0:51  Probe  
  18  1:03  Probe  
  19  1:15  Probe  
  20  1:27  Nexus  
  20  1:37  Cybernetics Core  
  20  1:40  Probe  
  21  1:47  Assimilator  
  21  1:52  Probe  
  22  1:56  Pylon  
  22  2:04  Adept, Probe  
  25  2:16  Probe  
  26  2:24  Twilight Council  
  26  2:25  Stalker  
  26  2:28  Probe  
  29  2:39  Warp Gate, Probe  
  29  2:43  Probe  
  31  2:47  Probe  
  32  2:57  Robotics Facility  
  32  2:58  Probe  
  32  2:59  Probe  
  34  3:11  Probe  
  34  3:12  Probe  
  36  3:19  Dark Shrine, Probe  
  36  3:24  Probe  
  38  3:27  Probe  
  39  3:34  Gateway  
  39  3:36  Probe  
  39  3:37  Probe  
  41  3:43  Gateway  
  41  3:44  Warp Prism  
  41  3:46  Gateway  
  42  3:48  Probe  
  44  3:58  Probe  
  44  4:01  Probe  
  46  4:06  Pylon  
  46  4:07  Assimilator  
  46  4:09  Assimilator  
  46  4:16  Warp Prism  
  46  4:19  Pylon  
  46  4:25  Pylon, Probe  
  46  4:28  Probe  
  50  4:37  Probe  
  51  4:40  Dark Templar  
  51  4:41  Dark Templar x2  
  57  4:53  Probe  
  58  5:04  Nexus  
  58  5:05  Pylon  
  58  5:10  Probe  
  59  5:15  Dark Templar x2  
  59  5:17  Dark Templar  
  59  5:21  Probe  
  66  5:22  Probe  
  66  5:28  Dark Templar  
  66  5:33  Probe  
  63  5:43  Probe  
  63  5:46  Probe  
  63  5:49  Robotics Bay  
  63  5:52  Robotics Facility  
  63  5:55  Probe  
  64  6:00  Blink  
  64  6:02  Probe  
  63  6:09  Gateway, Probe  
  64  6:13  Gateway  
  64  6:15  Probe  
  64  6:17  Pylon  
  65  6:25  Shield Battery  
  65  6:27  Shield Battery, Disruptor  
  65  6:29  Pylon  
  65  6:30  Pylon  
  65  6:32  Disruptor  
  71  6:43  Stalker x3  
  77  6:50  Probe  
  77  6:53  Disruptor  
  78  6:58  Disruptor  
  78  7:02  Gateway  
  78  7:03  Gateway, Probe  
  78  7:05  Probe  
  83  7:12  Zealot  
  88  7:16  Shield Battery  
  88  7:19  Forge, Archon x2  
  88  7:22  Disruptor  
  88  7:27  Pylon  
  91  7:30  Disruptor  
  91  7:34  Probe  
  91  7:35  Zealot  
  97  7:42  Stalker  
  97  7:43  Stalker x2  
  103  7:45  Assimilator  
  101  7:55  Zealot x3  
  106  8:07  Photon Cannon  
  106  8:11  Shield Battery, Photon Cannon  
  106  8:15  Shield Battery, Photon Cannon  
  106  8:17  Dark Templar x2  
  106  8:19  Stalker  
  112  8:21  Observer x2  
  112  8:22  Archon  
  113  8:30  Stalker  
  116  8:37  Pylon  
  116  8:50  Pylon  
  116  8:52  Pylon x2  
  116  8:54  Pylon  
  114  8:58  Stalker x5  
  115  9:24  Stalker x5  
  105  9:25  Disruptor, Stalker x2  
  109  9:38  Probe  
  103  9:46  Probe  
  103  9:47  Probe  
  103  9:49  Probe  
  103  9:53  Photon Cannon  
  103  9:54  Probe  
  103  9:55  Probe  
  103  9:58  Probe  
  105  10:00  Dark Templar x2  
  105  10:01  Dark Templar x2  
  105  10:02  Probe  
  105  10:05  Archon  
  105  10:06  Archon  
  115  10:13  Stalker x2  
  117  10:16  Probe  
  117  10:18  Probe  
  117  10:20  Probe  
  118  10:24  Probe  
  119  10:33  Probe  
  119  10:39  Dark Templar x2  
  119  10:40  Zealot  
  119  10:41  Zealot x2  
  129  10:43  Archon  
  129  10:58  Probe  
  129  11:01  Assimilator  
  129  11:02  Dark Templar x2  
  129  11:03  Zealot  
  129  11:04  Zealot x3  
  138  11:09  Archon  
  139  11:18  Dark Templar x2  
  139  11:21  Charge  
  139  11:23  Archon  
  143  11:39  Zealot x4  
  151  11:50  Nexus  
  151  11:52  Observer  
  107  12:08  Protoss Ground Weapons Level 1, Stalker x5  
  83  12:09  Stalker  
  83  12:12  Probe  
  92  12:20  Probe  
  92  12:22  Probe  
  94  12:27  Dark Templar x2  
  94  12:28  Probe  
  99  12:31  Archon  
  99  12:35  Stalker x2  
  103  12:50  Dark Templar x2  
  103  12:51  Stalker x2  
  110  12:54  Archon  
  110  13:05  Zealot  
  112  13:06  Dark Templar x2  
  112  13:11  Archon  
  115  13:21  Nexus  
  115  13:23  Zealot x2  
  115  13:24  Zealot x2  
  115  13:25  Pylon  
  123  13:35  Dark Templar x2  
  127  13:45  Photon Cannon  
  127  13:46  Photon Cannon  
  127  13:47  Shield Battery  
  127  13:51  Dark Templar x2  
  127  13:55  Archon  
  131  14:02  Stalker x2  
  135  14:11  Zealot x3  
  135  14:13  Probe  
  135  14:14  Probe  
  143  14:19  Probe  
  143  14:21  Photon Cannon  
  144  14:25  Observer  
  144  14:26  Dark Templar  
  146  14:31  Observer  
  146  14:33  Dark Templar  
  146  14:34  Observer  
  150  14:48  Stalker x2  
  150  14:49  Stalker x3  
  156  15:00  Probe  
  156  15:04  Probe  
  156  15:06  Probe  
  159  15:09  Zealot x2  
  159  15:12  Assimilator  
  159  15:15  Dark Templar  
  159  15:16  Zealot, Dark Templar, Assimilator  
  159  15:19  Probe  
  146  15:43  Stalker x5  
  146  15:44  Stalker x2  
  146  15:47  Archon  
  160  15:58  Pylon  
  160  15:59  Pylon  
  160  16:01  Pylon  
  145  16:26  Stalker x3  
  145  16:27  Stalker x5  
  157  16:46  Observer  
  158  16:53  Zealot  
Tags
 
Add a new tag
Caveats
  • Supply blocks, unpowered buildings, or Contaminate may cause inaccurate times.
  • Supply counts are checked every 10 seconds.